Map: Goldenaura LE

Players

SoloAnon - Winner!

  • Race: Zerg Zerg
  • Spawn Location: 5:00

ZappyMAVRICK

  • Race: Terran Terran
  • Spawn Location: 12:00

VOD

Have the link to the VOD?

Description

Time

  • Played on: Sept. 2, 2024, 11:08 a.m.
  • Length: 8:43
Show
View Real Time Build Order
Export as new Build Order

SoloAnon Zerg - Winner!

Build Orders: Pool First 

Get SALT Encoding   

  12  0:03  Drone  
  13  0:12  Overlord  
  13  0:17  Drone  
  14  0:31  Drone x2  
  16  0:39  Drone  
  17  0:46  Extractor  
  17  0:49  Spawning Pool  
  15  0:54  Drone  
  16  1:13  Hatchery  
  16  1:17  Drone  
  16  1:22  Drone  
  16  1:23  Drone  
  18  1:30  Drone  
  19  1:44  Queen  
  19  1:46  Drone  
  22  2:04  Overlord x2  
  22  2:24  Zergling x2  
  22  2:25  Zergling x2  
  22  2:27  Drone  
  25  2:30  Queen  
  25  2:33  Metabolic Boost  
  27  2:53  Drone x4  
  27  2:58  Lair  
  31  3:11  Roach Warren  
  30  3:13  Extractor  
  29  3:21  Drone x2  
  29  3:24  Drone x2  
  29  3:25  Drone  
  34  3:28  Drone x3  
  37  3:42  Drone x2  
  37  3:45  Overlord  
  39  4:02  Drone x3  
  42  4:03  Drone x2  
  42  4:05  Overlord  
  44  4:13  Overlord  
  44  4:21  Roach  
  46  4:27  Extractor  
  46  4:28  Drone x2  
  47  4:38  Glial Reconstitution  
  47  4:45  Drone  
  47  4:48  Roach  
  47  4:49  Roach x4  
  58  5:07  Roach, Evolution Chamber x2  
  58  5:08  Roach x5  
  68  5:26  Overlord  
  68  5:27  Overlord x3  
  68  6:00  Hatchery  
  63  6:13  Roach x10  
  61  6:43  Roach  
  61  6:44  Roach x5  
  73  7:00  Drone x2  
  75  7:05  Drone  
  76  7:09  Drone  
  76  7:12  Drone  
  76  7:13  Drone  
  79  7:21  Ravager  
  79  7:22  Ravager x5  
  85  7:26  Roach  
  85  7:27  Roach x6  
  99  7:35  Extractor  
  98  7:41  Drone  
  98  7:42  Drone x3  
  102  7:46  Queen  
  91  8:19  Roach x4  
  105  8:20  Roach x3  
Show
View Real Time Build Order
Export as new Build Order

ZappyMAVRICK Terran 

Build Orders:  

Get SALT Encoding   

  12  0:03  SCV  
  13  0:32  Supply Depot  
  13  0:34  SCV  
  14  0:46  SCV  
  14  0:47  Refinery  
  15  0:56  Barracks  
  15  0:58  SCV  
  16  1:10  SCV  
  17  1:21  Barracks  
  17  1:45  Marine  
  18  1:52  Command Center  
  18  2:03  Marine  
  19  2:09  Barracks Tech Lab  
  19  2:19  Factory  
  19  2:21  Marine  
  20  2:23  SCV  
  21  2:39  Marine  
  22  2:51  SCV  
  23  3:03  Refinery, Marine, SCV  
  25  3:07  Supply Depot  
  25  3:16  SCV  
  26  3:22  SCV  
  27  3:28  SCV  
  27  3:30  Supply Depot  
  27  3:31  Cyclone  
  31  3:34  SCV  
  31  3:38  Marine  
  31  3:40  SCV  
  33  3:46  SCV  
  34  3:49  Engineering Bay  
  34  3:54  SCV  
  35  4:03  Cyclone, SCV  
  35  4:06  SCV  
  39  4:13  Marine  
  39  4:15  SCV  
  41  4:18  SCV  
  41  4:19  Combat Shield  
  42  4:31  Marine, SCV  
  43  4:33  Marine  
  43  4:36  Cyclone  
  47  4:49  Refinery, Marine  
  47  4:51  Marine  
  47  4:52  Refinery  
  49  5:05  SCV  
  49  5:07  Marine  
  50  5:09  Marine, Cyclone  
  54  5:24  Supply Depot  
  54  5:28  Barracks Reactor  
  54  5:44  Terran Infantry Weapons Level 1  
  54  5:45  Marine, Cyclone, SCV  
  54  5:46  Supply Depot  
  54  5:47  Supply Depot  
  58  5:57  SCV  
  58  6:03  Marine  
  60  6:09  Supply Depot x2, SCV  
  59  6:17  Cyclone  
  52  6:21  Marine  
  47  6:31  Supply Depot  
  45  6:33  Marine  
  45  6:34  Marine  
  45  6:38  Marine  
  48  6:46  Starport  
  48  6:47  Barracks  
  48  6:49  Cyclone  
  48  6:51  Marine x2  
  48  6:53  Stimpack  
  52  6:54  Barracks  
  52  6:56  Marine  
  53  7:05  SCV  
  54  7:09  Marine x2  
  54  7:14  Marine  
  57  7:17  SCV  
  57  7:22  Cyclone  
  60  7:23  Medivac  
  60  7:27  Marine x2  
  60  7:29  SCV  
  65  7:32  Marine  
  66  7:38  Barracks Reactor  
  66  7:41  SCV  
  67  7:45  Marine x2  
  67  7:50  Marine  
  70  7:52  Barracks  
  70  7:53  Medivac  
  70  7:54  Cyclone, SCV  
  75  8:02  Marine  
  75  8:03  Marine  
  64  8:08  Marine  
  51  8:15  Marine  
  51  8:16  Marine  
  52  8:20  Marine x2  
Tags
 
Matchup
TvZ
Opening
Pool First
Spawn Locations
Cross Positions
Add a new tag
Caveats
  • Supply blocks, unpowered buildings, or Contaminate may cause inaccurate times.
  • Supply counts are checked every 10 seconds.